Map: Blueshift LE

Players

Fagballs

  • Race: Terran Terran
  • League: Master
  • Spawn Location: 7:00

Serral - Winner!

  • Race: Terran Terran
  • League: Master
  • Spawn Location: 1:00

VOD

Have the link to the VOD?

Description

Time

  • Played on: Dec. 4, 2018, 12:28 p.m.
  • Length: 16:46
Show
View Real Time Build Order
Export as new Build Order

Fagballs Terran 

Build Orders: 1/1/1, Liberator Opening 

Get SALT Encoding   

  12  0:01  SCV  
  13  0:14  SCV  
  13  0:17  Supply Depot  
  14  0:26  SCV  
  14  0:28  Refinery  
  15  0:39  SCV  
  16  0:45  Barracks  
  16  0:51  SCV  
  16  0:56  Refinery  
  17  1:03  SCV  
  18  1:15  SCV  
  19  1:32  Orbital Command  
  19  1:34  Factory  
  19  1:38  Reaper  
  20  1:48  Supply Depot  
  20  1:58  SCV  
  21  2:10  Reaper, SCV  
  23  2:20  Hellion  
  23  2:22  Starport  
  26  2:28  SCV  
  26  2:29  Supply Depot  
  26  2:41  Factory Tech Lab  
  26  2:43  Liberator  
  26  2:44  Reaper  
  27  3:00  Supply Depot  
  27  3:02  Cyclone  
  33  3:16  Reaper  
  33  3:34  Cyclone  
  36  3:48  SCV  
  35  3:52  Command Center  
  35  4:02  Barracks x2, Supply Depot  
  31  4:24  Cyclone, Barracks Reactor  
  31  4:27  SCV  
  31  4:29  Engineering Bay  
  35  4:33  Starport Tech Lab  
  34  4:42  SCV  
  35  4:53  Barracks Reactor  
  35  4:57  SCV  
  36  5:00  Marine x2, Siege Tank  
  40  5:09  Orbital Command  
  40  5:10  SCV  
  38  5:16  Medivac  
  40  5:23  Bunker  
  38  5:28  SCV  
  38  5:32  Orbital Command  
  38  5:33  Stimpack  
  38  5:46  SCV, Siege Tank  
  38  5:48  Marine  
  38  5:49  Marine  
  44  5:57  SCV  
  44  5:59  Marine  
  44  6:00  Medivac, Marine  
  44  6:04  SCV  
  49  6:13  Marine x3  
  49  6:14  SCV  
  49  6:16  SCV  
  50  6:25  Marine x2  
  52  6:27  Siege Tank  
  52  6:31  Marine x3, SCV  
  52  6:32  Refinery, Supply Depot x2  
  59  6:33  SCV  
  60  6:47  Marine x2  
  60  6:48  Marine, SCV x2  
  60  6:51  Refinery  
  60  6:53  Supply Depot  
  65  6:57  Starport Reactor  
  65  6:58  Marine x2  
  65  7:00  Siege Tank  
  71  7:01  SCV x2  
  71  7:05  Supply Depot, Marine  
  73  7:13  SCV x2  
  73  7:14  Marine  
  73  7:15  Marine  
  77  7:16  Marine  
  77  7:19  Barracks  
  78  7:25  SCV x2  
  80  7:32  Siege Tank  
  73  7:53  SCV  
  73  7:54  Marine x3, SCV  
  73  7:55  Marine  
  73  7:56  Medivac x2, Combat Shield  
  83  8:01  Terran Infantry Weapons Level 1  
  83  8:06  SCV x2, Command Center  
  85  8:15  Barracks Reactor  
  85  8:16  Barracks  
  85  8:18  SCV  
  85  8:19  SCV  
  87  8:21  Command Center  
  87  8:24  Marine x3  
  87  8:26  Medivac  
  92  8:27  Marine  
  93  8:39  Medivac, Marine, Siege Tank  
  99  8:41  Marine  
  99  8:42  Supply Depot, Marine  
  99  8:46  Supply Depot  
  101  8:55  Marine  
  102  9:04  Medivac, Supply Depot, Marine x4  
  102  9:05  Supply Depot  
  102  9:06  Armory  
  108  9:11  Marine x3  
  108  9:13  Marine  
  112  9:22  Marine x3  
  115  9:26  SCV x2  
  117  9:37  Marine x3  
  120  9:38  Barracks Reactor  
  111  9:56  Marine  
  104  10:02  Marine x4  
  104  10:03  Medivac x2, Orbital Command, Siege Tank  
  104  10:04  SCV  
  104  10:05  SCV x2  
  104  10:06  Marine x2  
  110  10:14  Marine  
  110  10:20  Marine  
  110  10:21  Marine x5  
  111  10:31  SCV x3  
  111  10:32  Marine  
  115  10:36  Starport  
  115  10:37  Marine x2  
  115  10:38  Marine, Starport  
  115  10:39  Fusion Core  
  118  10:46  Marine x4  
  118  10:47  Siege Tank  
  125  10:51  Terran Ship Weapons Level 1  
  125  10:54  Refinery  
  125  11:00  Viking x2  
  125  11:01  Marine x3  
  132  11:05  Refinery, SCV x3  
  120  11:21  Starport Reactor, Marine, Starport Tech Lab  
  120  11:22  Marine x2  
  121  11:27  SCV x3  
  121  11:28  Marine x4  
  127  11:39  SCV x3  
  129  11:48  Viking x3  
  129  11:49  Advanced Ballistics  
  129  11:51  SCV x2  
  129  11:52  SCV  
  129  11:53  Liberator x2  
  138  12:01  Liberator x2  
  124  12:18  Viking  
  132  12:31  Liberator  
  132  12:32  Marine  
  132  12:34  Marine  
  132  12:35  Marine x7  
  132  12:36  Liberator  
  141  12:40  SCV x3, Command Center  
  144  12:48  Terran Infantry Weapons Level 2  
  144  12:50  Terran Ship Weapons Level 2  
  147  12:52  SCV  
  147  12:53  Viking  
  153  13:01  Viking  
  155  13:14  Marine x7  
  155  13:19  Factory, Supply Depot x2, Siege Tank  
  164  13:20  Supply Depot  
  164  13:21  Supply Depot  
  142  13:30  Liberator x3  
  125  13:48  Marine  
  127  14:15  Marine x3, Siege Tank  
  133  14:29  Marine x3  
  115  15:00  Viking  
  115  15:01  Viking  
  110  15:23  Viking x3  
  116  15:29  Planetary Fortress  
  110  15:42  Viking  
  112  15:49  Marine x3  
  115  15:53  SCV  
  99  16:05  Planetary Fortress  
  99  16:09  SCV  
  99  16:10  SCV x2  
  88  16:26  Marine x3  
Show
View Real Time Build Order
Export as new Build Order

Serral Terran - Winner!

Build Orders: Mech 

Get SALT Encoding   

  12  0:00  SCV  
  13  0:13  SCV  
  14  0:17  Supply Depot  
  14  0:25  SCV  
  15  0:29  Refinery  
  15  0:38  SCV  
  16  0:44  Barracks  
  16  0:50  SCV  
  17  1:03  SCV  
  18  1:15  SCV  
  19  1:30  Marine  
  19  1:31  Orbital Command  
  20  1:32  Factory  
  20  1:36  Supply Depot  
  20  1:50  Reaper  
  21  1:56  SCV  
  22  2:08  SCV  
  22  2:14  Command Center  
  23  2:18  Hellion  
  23  2:21  SCV  
  26  2:23  Reaper  
  26  2:29  Supply Depot  
  27  2:33  SCV  
  27  2:35  Refinery  
  28  2:40  Hellion  
  30  2:45  SCV  
  31  2:55  Barracks Tech Lab  
  31  2:57  SCV  
  32  3:09  SCV  
  33  3:21  SCV  
  33  3:25  Cyclone  
  33  3:26  Orbital Command  
  37  3:34  SCV  
  38  3:36  Engineering Bay, Mag-Field Accelerator  
  36  3:46  SCV  
  37  3:51  Bunker  
  37  3:53  Barracks Reactor  
  37  3:55  SCV  
  38  3:57  Cyclone  
  38  3:58  SCV  
  42  4:07  SCV  
  40  4:10  SCV  
  35  4:19  Missile Turret, Supply Depot  
  34  4:27  SCV  
  34  4:29  Cyclone  
  34  4:31  Marine x2  
  38  4:32  Command Center  
  40  4:40  SCV  
  41  4:48  Orbital Command  
  41  4:49  Marine x2  
  41  4:50  Supply Depot  
  41  4:52  SCV  
  44  5:06  Factory  
  44  5:07  Marine x2  
  43  5:15  SCV x2  
  43  5:19  Cyclone  
  48  5:27  SCV  
  49  5:30  Missile Turret  
  49  5:34  Missile Turret  
  49  5:43  SCV x2  
  49  5:45  Orbital Command  
  51  5:50  Supply Depot  
  51  5:55  SCV x2  
  53  5:58  Refinery  
  53  6:00  Refinery  
  53  6:03  Factory  
  53  6:05  Siege Tank  
  53  6:12  Hellion x2  
  53  6:13  SCV x2  
  56  6:19  SCV  
  56  6:25  SCV  
  58  6:26  Supply Depot, SCV  
  58  6:30  Armory  
  58  6:31  Armory  
  58  6:32  Orbital Command  
  60  6:39  Hellion, Siege Tank  
  66  6:40  Hellion  
  66  6:41  Barracks Tech Lab  
  66  6:42  SCV  
  66  6:43  SCV  
  68  6:52  Supply Depot  
  68  6:54  SCV  
  68  6:55  SCV  
  68  6:59  SCV  
  71  7:06  SCV  
  71  7:08  Siege Tank  
  75  7:09  Hellion x2  
  75  7:10  SCV  
  75  7:11  Siege Tank  
  83  7:18  Terran Vehicle Weapons Level 1, Terran Vehicle And Ship Armor Level 1  
  83  7:21  Supply Depot  
  83  7:22  SCV x2  
  85  7:23  SCV  
  86  7:33  Hellion x2  
  86  7:35  SCV x2  
  90  7:43  Cyclone  
  90  7:49  SCV  
  90  7:51  Refinery, Cyclone  
  86  7:54  Hellion  
  86  7:55  SCV x2  
  86  7:57  Supply Depot  
  86  7:58  Supply Depot  
  93  8:03  SCV  
  93  8:05  Refinery x2  
  94  8:09  Factory x2, SCV x2  
  94  8:11  Hellion x4  
  96  8:25  Sensor Tower  
  96  8:26  Missile Turret  
  101  8:29  Cyclone  
  101  8:30  Cyclone, Hellion x2  
  101  8:31  SCV x2  
  108  8:39  SCV  
  109  8:41  Missile Turret  
  109  8:43  Missile Turret  
  107  8:51  Hellion x2  
  107  8:54  SCV x3  
  114  8:58  Supply Depot  
  114  9:01  Siege Tank  
  114  9:02  Missile Turret, Siege Tank  
  120  9:03  Hi-Sec Auto Tracking  
  120  9:04  Supply Depot  
  120  9:05  Factory Reactor, Factory Tech Lab  
  119  9:14  Hellion x2  
  119  9:15  SCV x2  
  125  9:19  Terran Vehicle Weapons Level 2, Terran Vehicle And Ship Armor Level 2  
  123  9:28  Missile Turret x2  
  123  9:29  Siege Tank  
  126  9:33  Hellion  
  126  9:34  Hellion  
  126  9:35  Hellion  
  126  9:36  Hellion  
  134  9:40  Supply Depot  
  134  9:41  Supply Depot  
  134  9:43  Supply Depot  
  134  9:45  Hellion x2  
  135  9:54  Hellion  
  134  10:01  Siege Tank  
  134  10:02  Hellion x2  
  134  10:05  Infernal Pre-Igniter  
  141  10:07  Smart Servos  
  141  10:09  Siege Tank  
  133  10:16  Siege Tank  
  133  10:17  Missile Turret  
  133  10:21  Hellion  
  133  10:27  Supply Depot  
  135  10:28  Hellion x7  
  135  10:29  Hellion x7  
  135  10:33  Cyclone  
  138  10:41  Cyclone  
  141  10:42  Command Center  
  141  10:47  Hellion x3  
  141  10:48  Cyclone, Hellion  
  151  11:10  Starport  
  151  11:17  SCV x2  
  145  11:21  Cyclone x3  
  145  11:22  Hellion x4  
  145  11:23  Refinery  
  145  11:24  Refinery  
  162  11:26  SCV  
  162  11:29  SCV x2  
  165  11:40  Terran Vehicle And Ship Armor Level 3, Terran Vehicle Weapons Level 3  
  163  11:47  Starport Tech Lab  
  163  11:51  Hellion  
  163  11:53  Siege Tank x2  
  171  12:07  Hellion x10  
  171  12:14  Planetary Fortress  
  171  12:17  Missile Turret x2  
  171  12:18  Siege Tank  
  171  12:19  Hellion  
  176  12:25  Siege Tank  
  176  12:26  Command Center  
  179  12:32  Hellion  
  179  12:36  Raven, Supply Depot  
  181  12:38  Starport x2  
  181  13:13  Siege Tank x2  
  181  13:14  Starport Reactor, Hellion x2  
  181  13:15  Starport Reactor  
  181  13:17  Supply Depot x2  
  181  13:19  Refinery, Raven  
  193  13:21  Refinery  
  159  13:53  Viking x4  
  159  13:55  Planetary Fortress  
  167  14:02  Raven  
  169  14:09  Hellion  
  176  14:14  Hellion  
  176  14:15  Hellion x3  
  184  14:23  Viking x4, Hellion x5  
  189  14:26  Command Center  
  187  14:40  Thor x2  
  187  14:44  Raven  
  190  14:53  Viking x4  
  192  15:05  Siege Tank  
  192  15:06  Hellion x3  
  178  15:23  Viking x4, Siege Tank  
  178  15:24  Hellion, Siege Tank  
  178  15:27  Viking  
  192  15:37  Siege Tank  
  193  15:46  Planetary Fortress, Hellion x12  
  193  15:53  Viking x3  
  198  15:57  Viking  
Tags
 
Composition
Mech
Matchup
TvT
Player
Serral
Race
Terran
Replay Pack
Finnish V8
Spawn Locations
Cross Positions
Add a new tag
Caveats
  • Supply blocks, unpowered buildings, or Contaminate may cause inaccurate times.
  • Supply counts are checked every 10 seconds.